 Dungeon Crawl Stone Soup version 0.25-a0-578-gc91f01c39c (webtiles) character file.

Game seed: 3653900073353722883, levelgen mode: deterministic

1112 wullow the Shield-Bearer (level 8, -3/62 HPs)
             Began as a Demonspawn Fighter on Mar 6, 2020.
             Was an Initiate of Sif Muna.
             Killed by nerve-wracking pain
             ... invoked by an orc priest
              (6 damage)
             ... on level 6 of the Dungeon.
             The game lasted 00:09:27 (6309 turns).

wullow the Shield-Bearer (Demonspawn Fighter)       Turns: 6309, Time: 00:09:28

Health: -3/62      AC:  7    Str: 20    XL:     8   Next: 11%
Magic:  8/8        EV:  8    Int: 17    God:    Sif Muna [......]
Gold:   151        SH: 14    Dex: 14    Spells: 7/7 levels left

rFire    . . .     SeeInvis .   a - +0 rapier
rCold    . . .     Gourm    .   c - +0 kite shield
rNeg     + . .     Faith    .   F - +1 ring mail "Reidef" {rN+ Str+3 Int+7} (curse)
rPois    .         Spirit   .   t - +0 helmet
rElec    .         Reflect  .   (no cloak)
rCorr    .         Harm     .   (no gloves)
MR       .....                  (no boots)
Stlth    +.........             (no amulet)
HPRegen  0.20/turn              (no ring)
MPRegen  0.11/turn              (no ring)

@: no status effects
A: claws 1, large bone plates 1, powered by pain 2
a: Renounce Religion


You were on level 6 of the Dungeon.
You worshipped Sif Muna.
Sif Muna was noncommittal.
You were not hungry.

You visited 2 branches of the dungeon, and saw 7 of its levels.

You collected 151 gold pieces.

Inventory:

Hand Weapons
 a - a +0 rapier (weapon)
 e - a +0 dagger
 w - a +0 hunting sling
Missiles
 h - 43 sling bullets
 k - 12 boomerangs (quivered)
 m - 92 stones
Armour
 c - a +0 kite shield (worn)
 t - a +0 helmet (worn)
 D - the +3 robe of Classification {rPois rC+ SInv}
   (You found it on level 5 of the Dungeon)

   It protects you from cold.
   It protects you from poison.
   It lets you see invisible.
   If you switch to wearing this armour, your AC will decrease by 1 (7 -> 6).
 F - the cursed +1 ring mail "Reidef" (worn) {rN+ Str+3 Int+7}
   (You found it on level 5 of the Dungeon)

   It affects your strength (+3).
   It affects your intelligence (+7).
   It protects you from negative energy.
   If you remove this armour, your AC will decrease by 6 (7 -> 1).
   It has a curse placed upon it.
Wands
 v - a wand of random effects (34)
 y - a wand of flame (13)
Scrolls
 g - 3 scrolls of identify {unknown}
 i - a scroll of immolation {unknown}
 n - 5 scrolls of remove curse {unknown}
 p - 5 scrolls of teleportation {unknown}
 q - a scroll of enchant weapon {unknown}
 r - 2 scrolls of magic mapping {unknown}
 B - 2 scrolls of amnesia {unknown}
 C - a scroll of fog {unknown}
 E - a scroll of random uselessness {unknown}
Potions
 b - a potion of lignification {unknown}
 d - 4 potions of might
 j - 3 potions of curing
 l - a potion of heal wounds
 o - a potion of haste {unknown}
 s - 2 potions of resistance {unknown}
 u - a potion of stabbing {unknown}
 x - a potion of degeneration {unknown}
 z - a potion of flight {unknown}
 A - a potion of cancellation {unknown}
Comestibles
 f - 5 rations


   Skills:
 + Level 5.0 Fighting
 * Level 5.6 Short Blades
 + Level 3.1 Armour
 * Level 6.0 Shields
 + Level 0.7 Invocations
 + Level 0.6 Evocations


You had 7 spell levels left.
You didn't know any spells.
Your spell library was empty.

Dungeon Overview and Level Annotations

Branches:
Dungeon (6/15)             Temple (1/1) D:5

Altars:
Ashenzari
Cheibriados
Dithmenos
Elyvilon
Fedhas
Gozag
Makhleb
Nemelex Xobeh
Ru
Sif Muna
Trog
Uskayaw
Vehumet
Wu Jian
Yredelemnul
Zin
The Shining One

Shops:
D:5 }

Annotations:
D:6 Menkaure


Innate Abilities, Weirdness & Mutations

You have sharp fingernails.
You are partially covered in large bone plates. (SH +4)
You sometimes gain power by taking damage.


Message History

* * * LOW HITPOINT WARNING * * *
You block the orc priest's attack.
The phantom blinks!
You block the jackal skeleton's attack.
Menkaure is no longer moving quickly.
Menkaure mumbles some strange words.
Menkaure seems to speed up.
The jackal skeleton bites you but does no damage.
There is a stone staircase leading up here.
You hit the jackal skeleton.
The jackal skeleton is moderately damaged.
The jackal skeleton bites you but does no damage.
The orc priest calls down the wrath of Beogh upon you.
Beogh smites you!
* * * LOW HITPOINT WARNING * * *
You hit the jackal skeleton.
You destroy the jackal skeleton!
Sif Muna accepts your kill.
The orc priest mumbles some strange prayers to Beogh against you.
Pain shoots through your body!
You die...

#.......###
#Z......#
#.####### #o#
#W# #.# #.#
#W#### #.o@.#
####.# #.####
#.#######....#
#..^...#####.#
######.# #.#
#.#####.#
#.......#
#.#####.#


You could see a phantom and an orc priest.

Vanquished Creatures
  A sky beast (D:4)
  An ogre (D:4)
  2 phantoms
  A water moccasin zombie (D:5)
  A crimson imp (D:5)
  2 bullfrog zombies (D:5)
  3 orc priests
  A bullfrog skeleton (D:4)
  An iguana (D:5)
  Natasha (thrice) (D:4)
  4 worker ants
  A hound zombie (D:5)
  A worker ant zombie (D:5)
  Robin (D:3)
  3 gnolls (D:4)
  10 adders
  2 oozes
  An adder skeleton (D:4)
  2 adder zombies (D:5)
  4 worms
  4 dart slugs
  3 leopard geckos
  6 orcs
  11 bats
  3 giant cockroaches
  16 goblins
  13 hobgoblins
  3 jackals (D:2)
  2 quokkas
  2 ball pythons
  5 frilled lizards
  2 jackal skeletons
  7 kobolds
  A quokka skeleton (D:4)
  3 rats
126 creatures vanquished.

Notes
Turn   | Place    | Note
-------+----------+-------------------------------------------
     0 | D:1      | wullow the Demonspawn Fighter began the quest for the Orb.
     0 | D:1      | Reached XP level 1. HP: 18/18 MP: 1/1
   134 | D:1      | Gained mutation: You have sharp fingernails. [demonic
                  | ancestry]
   134 | D:1      | Reached XP level 2. HP: 22/24 MP: 2/2
   209 | D:1      | Reached skill level 3 in Shields
   630 | D:1      | Reached XP level 3. HP: 29/29 MP: 3/3
  1276 | D:2      | Found a hide-covered altar of Uskayaw.
  1730 | D:2      | Found a burning altar of Makhleb.
  1732 | D:2      | Noticed a green death
  1882 | D:2      | Gained mutation: You sometimes gain a little power by
                  | taking damage. [demonic ancestry]
  1882 | D:2      | Reached XP level 4. HP: 31/35 MP: 4/4
  2061 | D:3      | Noticed Robin
  2108 | D:3      | Killed Robin
  2852 | D:3      | Gained mutation: You sometimes gain power by taking damage.
                  | [demonic ancestry]
  2852 | D:3      | Reached XP level 5. HP: 37/41 MP: 5/5
  3151 | D:3      | Reached skill level 4 in Shields
  3539 | D:4      | Noticed a sky beast
  3561 | D:4      | Killed a sky beast
  3561 | D:4      | Gained mutation: You are partially covered in large bone
                  | plates. (SH +4) [demonic ancestry]
  3561 | D:4      | Reached XP level 6. HP: 20/48 MP: 6/6
  3694 | D:4      | Found a shattered altar of Ashenzari.
  3766 | D:4      | Noticed Natasha
  3775 | D:4      | Killed Natasha
  3792 | D:4      | Noticed Natasha
  3801 | D:4      | Killed Natasha
  4336 | D:4      | Noticed Natasha
  4359 | D:4      | Killed Natasha
  4500 | D:4      | Reached skill level 5 in Shields
  4500 | D:4      | Reached XP level 7. HP: 33/55 MP: 7/7
  5128 | D:4      | You fall into a shaft and drop 1 floor!
  5128 | D:5      | Entered Level 5 of the Dungeon
  5225 | D:5      | Reached skill level 5 in Short Blades
  5452 | D:5      | Got a silken robe
  5453 | D:5      | Found Bamog's Gadget Emporium.
  5619 | D:5      | Found a staircase to the Ecumenical Temple.
  5716 | D:5      | Reached skill level 5 in Fighting
  5754 | D:5      | Got a polished ring mail
  5765 | Temple   | Entered the Ecumenical Temple
  5895 | Temple   | Became a worshipper of Sif Muna the Loreminder
  5909 | Temple   | Identified the +3 robe of Classification {rPois rC+ SInv}
                  | (You found it on level 5 of the Dungeon)
  5919 | Temple   | Identified the cursed +1 ring mail "Reidef" {rN+ Str+3
                  | Int+7} (You found it on level 5 of the Dungeon)
  6018 | D:5      | Reached XP level 8. HP: 52/62 MP: 8/8
  6058 | D:5      | Reached skill level 6 in Shields
  6279 | D:6      | Noticed Menkaure
  6307 | D:6      | HP: 3/62 [orc priest/divine providence (15)]
  6309 | D:6      | Killed from afar by an orc priest

Levels and vault maps discovered:
D:1:      co_arrival_random_square_maze, layout_rooms, minmay_pentomino_o4
D:2:      layout_basic, eat_drink_and_be_merry_uskayaw,
          makhleb_altar_promises_db
D:3:      minmay_octagon_keep, layout_loops_corners, first_ration, uniq_robin
D:4:      layout_loops_corners, evilmike_ruin_ashenzari, uniq_natasha
D:5:      layout_gridville, temple_statues, serial_shops,
          nicolae_shop_waterfront
D:6:      layout_basic, uniq_menkaure
Temple:   regret_index_temple_waves

Skill      XL: |  1  2  3  4  5  6  7  8 |
---------------+-------------------------+-----
Short Blades   | 2 3 4 5 |  5.6
Shields        | 3 4 5 6 |  6.0
Armour         | 3 |  3.1
Fighting       | 4 5 |  5.0
Invocations    | |  0.7
Evocations     | |  0.6

Action                   |  1- 3 |  4- 6 |  7- 9 || total
-------------------------+-------+-------+-------++-------
Melee: Dagger            |   223 |    26 |       ||   249
       Rapier            |     4 |   277 |   246 ||   527
  Use: Potion            |     1 |     1 |       ||     2
  Eat: Chunk             |     3 |     9 |     4 ||    16
       Ration            |       |       |     1 ||     1
Armor: Scale mail        |    82 |   115 |    40 ||   237
       Ring mail         |       |       |    18 ||    18
Dodge: Dodged            |    54 |    70 |    43 ||   167
Block: Kite shield       |   110 |   152 |   166 ||   428

Table legend:
 A = Non-vault XP
 B = Vault XP
 C = Vault XP percentage of total XP
 D = Non-vault monster count
 E = Vault monster count
 F = Vault count percentage of total count
                 A         B        C        D         E       F
            +---------+---------+-------+---------+---------+-------
      Total |    1456 |     133 |   8.4 |      96 |      30 |  23.8
            +---------+---------+-------+---------+---------+-------
        D:1 |      44 |       5 |  10.2 |      22 |       3 |  12.0
        D:2 |      58 |       0 |   0.0 |      18 |       0 |   0.0
        D:3 |      81 |      93 |  53.4 |      16 |      26 |  61.9
        D:4 |     662 |      35 |   5.0 |      19 |       1 |   5.0
        D:5 |     526 |       0 |   0.0 |      18 |       0 |   0.0
        D:6 |      85 |       0 |   0.0 |       3 |       0 |   0.0
            +---------+---------+-------+---------+---------+-------
